[Event "*** Titled Tuesday 3|2 Blitz"]
[Site "Chess.com"]
[Date "2016.03.01"]
[Round "8"]
[White "evgenyermolaev"]
[Black "Abdodi"]
[Result "1-0"]
[WhiteElo "2077"]
[BlackElo "1962"]
[TimeControl "180+2"]
[EndTime "13:17:23 PST"]
[Termination "evgenyermolaev won by resignation"]

1. e4 c6 2. Nf3 d5 3. Nc3 dxe4 4. Nxe4 Bg4 5. h3 Bxf3 6. Qxf3 Nd7 7. d4 Ngf6 8. Nxf6+ Nxf6 9. c3 e6 10. Bd3 h6 11.
O-O Bd6 12. Re1 Qd7 13. b4 O-O-O 14. a4 Nd5 15. b5 Nxc3 16. Bd2 Nd5 17. bxc6 bxc6 18.
Ba6+ Kc7 19. Ba5+ Nb6 20. Rac1 Rb8 21. Bb5 Kd8 22. Rxc6 Qe7 23. Rec1 g5 24. Rxd6+ Qxd6 25. Qf6+ Qe7 26. Qxh8+ 1-0

[Event "*** Titled Tuesday 3|2 Blitz"]
[Site "Chess.com"]
[Date "2016.03.01"]
[Round "8"]
[White "chessbia"]
[Black "Journey_to_GrandMaster_YT"]
[Result "0-1"]
[WhiteElo "2019"]
[BlackElo "2248"]
[TimeControl "180+2"]
[EndTime "13:17:50 PST"]
[Termination "Journey_to_GrandMaster_YT won by resignation"]

1. d4 Nf6 2. c4 e6 3. Nc3 d5 4. cxd5 exd5 5. Bg5 Bb4 6. e3 h6 7. Bh4 g5 8. Bg3 Ne4 9. Ne2 h5 10.
f3 Nxg3 11. hxg3 c6 12. Kf2 Be6 13. e4 dxe4 14. Nxe4 Nd7 15. a3 Be7 16. N2c3 f5 17.
Nd2 Nf6 18. Nc4 Qc7 19. Qe2 Bf7 20. Ne5 Kf8 21. Nxf7 Kxf7 22. Qd2 Kg6 23. Re1 Rad8 24. Re6 Qd7 25. Bc4 Rhe8 26. d5 cxd5 27. Rxe7 Rxe7 28. Bd3 d4 29. Ne2 Qe6 30. Qa5 b6 31. Qe1 Qe3+ 32. Kf1 Qxd3 0-1

[Event "*** Titled Tuesday 3|2 Blitz"]
[Site "Chess.com"]
[Date "2016.03.01"]
[Round "8"]
[White "GeorgMeier"]
[Black "jcibarra"]
[Result "1-0"]
[WhiteElo "2744"]
[BlackElo "2493"]
[TimeControl "180+2"]
[EndTime "13:18:28 PST"]
[Termination "GeorgMeier won by resignation"]

1. Nf3 Nf6 2. g3 g6 3. Bg2 Bg7 4. O-O O-O 5. d4 d6 6. b3 a5 7. a4 Nc6 8. Bb2 Bf5 9. Nbd2 Nb4 10. c3 Nc6 11. Nh4 Bd7 12. e4 e5 13. Nhf3 Re8 14. Re1 exd4 15. Nxd4 Ne5 16. Qc2 h5 17. f4 Nc6 18. h3 Qc8 19. Kh2 Bh6 20. N2f3 d5 21. exd5 Nxd4 22. Nxd4 h4 23. Bf3 Rxe1 24. Rxe1 Bxh3 25.
c4 Ng4+ 26. Kg1 hxg3 27. Ne6 fxe6 28. Qxg6+ Kf8 29. Bxg4 1-0

[Event "*** Titled Tuesday 3|2 Blitz"]
[Site "Chess.com"]
[Date "2016.03.01"]
[Round "8"]
[White "dretch"]
[Black "Mornar1951"]
[Result "1/2-1/2"]
[WhiteElo "2545"]
[BlackElo "2601"]
[TimeControl "180+2"]
[EndTime "13:18:42 PST"]
[Termination "Game drawn by repetition"]

1. d4 Nf6 2. c4 e6 3. Nc3 Bb4 4. Qc2 O-O 5. e4 d5 6. e5 Ne4 7.
Bd3 c5 8. Nf3 cxd4 9. Nxd4 Nd7 10. Bf4 Qh4 11. g3 Qh5 12. O-O Bxc3 13. bxc3 Nxe5 14.
Be2 Ng4 15. Bxg4 Qxg4 16. f3 Qh5 17. fxe4 e5 18. Bxe5 Qxe5 19. cxd5 Bh3 20. Rf4 Rac8 21. Rc1 Rfe8 22. Qd3 g5 23. Rf2 Qxe4 24. Qd2 Qxd5 25. c4 Qe5 26. Nf3 Qe3 27. Nxg5 Rxc4 28. Qxe3 Rxe3 29.
Rb1 Rb4 30. Rd1 Be6 31. Nxe6 Rxe6 32. Rd7 Ra6 33. Rdxf7 Rb1+ 34. Kg2 Rxa2 35. Rf8+ Kg7 36. Rf7+ Kg8 37. Rf8+ Kg7 38. Rf7+ Kg8 39. Rf8+ 1/2-1/2

[Event "*** Titled Tuesday 3|2 Blitz"]
[Site "Chess.com"]
[Date "2016.03.01"]
[Round "8"]
[White "SabinoBrunello"]
[Black "DagurR"]
[Result "1-0"]
[WhiteElo "2490"]
[BlackElo "2287"]
[TimeControl "180+2"]
[EndTime "13:18:48 PST"]
[Termination "SabinoBrunello won by resignation"]

1. d4 e6 2. Nf3 f5 3. c4 Nf6 4. Nc3 d5 5. Bg5 c6 6. e3 Be7 7. Bxf6 Bxf6 8. Be2 O-O 9. O-O b6 10. Qc2 Bb7 11. b4 Qe7 12. Rab1 Nd7 13. Rfc1 Rab8 14. cxd5 exd5 15. Qb3 a6 16. a4 b5 17. a5 g5 18. Re1 Rbe8 19. Qc2 Bg7 20. Bd3 Qf6 21. Ne2 Re4 22. Nd2 Rh4 23. Nf3 Rh6 24. Ng3 f4 25.
exf4 g4 26. Ng5 Qxf4 27. Ne6 Qf6 28. Nxf8 Nxf8 29. Nf5 Rh5 30. Re5 Ng6 31. Ne7+ Nxe7 32. Rxh5 h6 33. Re5 Qf7 34. Rbe1 Nc8 35. Re8+ Bf8 36.
Bg6 Qf6 37. Qf5 Qxf5 38. Bxf5 Nd6 39. Be6+ Kg7 40. Rb8 Kf6 41. Bxg4 Be7 42. Re6+ Kf7 43. Rxd6 Bxd6 44. Rxb7+ 1-0

[Event "*** Titled Tuesday 3|2 Blitz"]
[Site "Chess.com"]
[Date "2016.03.01"]
[Round "8"]
[White "bugsbunny444"]
[Black "Jahonas"]
[Result "0-1"]
[WhiteElo "2410"]
[BlackElo "2192"]
[TimeControl "180+2"]
[EndTime "13:19:11 PST"]
[Termination "Jahonas won by resignation"]

1. Nf3 d5 2. c4 Nf6 3. cxd5 Nxd5 4. d4 e6 5. e4 Nb4 6. Nc3 c5 7. a3 cxd4 8. axb4 dxc3 9. Qxd8+ Kxd8 10. bxc3 Bd6 11.
Be3 a6 12. Bb6+ Bc7 13. Rd1+ Nd7 14. Bxc7+ Kxc7 15. Ng5 Ne5 16. f4 h6 17. Nxe6+ Bxe6 18. fxe5 a5 19. Bb5 axb4 20. cxb4 Kb6 21. Bd7 Rhd8 22.
Rd6+ Kc7 23. Bxe6 Ra1+ 24. Kf2 Rxh1 25. Rxd8 Kxd8 26. Bxf7 Ke7 27. Bd5 b6 28. b5 Rxh2 29. Kg1 Rh5 30. e6 Re5 31. Kf2 h5 32. Ke3 Rg5 33.
Kf3 h4 34. Kf2 Rg3 35. Kf1 g5 36. Kf2 Rc3 37. Kg1 g4 38. Bb7 Kxe6 39. Bd5+ Ke5 40. Kh2 Rc2 41. Kh1 g3 0-1

[Event "*** Titled Tuesday 3|2 Blitz"]
[Site "Chess.com"]
[Date "2016.03.01"]
[Round "8"]
[White "LuckyTiger"]
[Black "Izoria123"]
[Result "1-0"]
[WhiteElo "2604"]
[BlackElo "2556"]
[TimeControl "180+2"]
[EndTime "13:19:40 PST"]
[Termination "LuckyTiger won on time"]

1. e4 c5 2. c3 e6 3. d4 d5 4.
exd5 exd5 5. Nf3 a6 6. Be2 c4 7. O-O Bd6 8. b3 cxb3 9. axb3 Nc6 10. c4 Nge7 11. Nc3 O-O 12. Re1 Bb4 13. Bb2 Bg4 14. h3 Bh5 15. Qc2 Bxf3 16. Bxf3 Nxd4 17. Qd1 dxc4 18.
bxc4 Rc8 19. Nd5 Nxd5 20. Bxd5 Nf5 21. Re5 Ne7 22. Rg5 Ng6 23. Rf5 Kh8 24. Qh5 Qh4 25.
Qf3 b5 26. Rh5 Qf4 27. Qd3 bxc4 28. Qe2 c3 29. Bc1 Qf6 30. Rxa6 Nf4 31. Qe4 1-0

[Event "*** Titled Tuesday 3|2 Blitz"]
[Site "Chess.com"]
[Date "2016.03.01"]
[Round "8"]
[White "kikydu96"]
[Black "MateusViageiro"]
[Result "0-1"]
[WhiteElo "2275"]
[BlackElo "2241"]
[TimeControl "180+2"]
[EndTime "13:19:59 PST"]
[Termination "MateusViageiro won by resignation"]

1. e4 c5 2. Nf3 d6 3. d4 cxd4 4. Nxd4 Nf6 5. Nc3 a6 6. Be2 e5 7. Nf5 d5 8. Bg5 d4 9. Bxf6 Qxf6 10. Nd5 Qd8 11. Bc4 Nc6 12. O-O Na5 13. Qe2 b5 14. Bd3 g6 15. Ng3 Bg7 16. f4 exf4 17. Rxf4 O-O 18.
Raf1 Nc6 19. Nf6+ Kh8 20. e5 Qe7 21. Be4 Bb7 22. Bxc6 Bxc6 23. Rh4 Bxf6 24. Rxf6 Qc5 25. Rxc6 Qxc6 26. Qd2 f5 27. Qxd4 Rad8 28. Qf4 Qxc2 29. h3 Rd2 30. Nf1 Rxg2+ 31. Kh1 Rf2 32. Rxh7+ Kxh7 33. Qh4+ Kg8 34. Ng3 Rh2+ 0-1

[Event "*** Titled Tuesday 3|2 Blitz"]
[Site "Chess.com"]
[Date "2016.03.01"]
[Round "8"]
[White "Blitzstream"]
[Black "jcgs1030"]
[Result "1-0"]
[WhiteElo "2445"]
[BlackElo "2232"]
[TimeControl "180+2"]
[EndTime "13:20:09 PST"]
[Termination "Blitzstream won by resignation"]

1. d4 Nf6 2. Bg5 e6 3. e4 h6 4. Bxf6 Qxf6 5. c3 d6 6. Bd3 g6 7. Ne2 Bg7 8. O-O O-O 9. f4 c5 10. Nd2 cxd4 11. cxd4 Nc6 12. Nf3 Bd7 13. Rc1 Rac8 14.
Qd2 Qd8 15. f5 exf5 16. exf5 g5 17. Bb1 Re8 18. Ng3 Qb6 19. Rcd1 Qb4 20. Qd3 f6 21. Rf2 Bf8 22. a3 Qb6 23. h4 d5 24. Nh5 Nxd4 25. Nxd4 Bc5 26. b4 Bxd4 27. Qxd4 Qxd4 28. Rxd4 Re1+ 29. Rf1 Rxf1+ 30. Kxf1 Rc1+ 31. Kf2 Bc6 32. Bd3 Kf7 33. hxg5 hxg5 34. b5 Be8 35. Rxd5 Ke7 36.
Ng3 Rc3 37. a4 Ra3 38. Rd4 a6 39. bxa6 bxa6 40. Bxa6 Bxa4 41. Re4+ Kf8 42. Bc4 Bc2 43.
Re6 Kg7 44. Nh5+ Kh6 45. g4 Bxf5 46. Rxf6+ Bg6 47. Bf7 Rc3 48. Rxg6+ Kh7 49. Nf6+ 1-0

[Event "*** Titled Tuesday 3|2 Blitz"]
[Site "Chess.com"]
[Date "2016.03.01"]
[Round "8"]
[White "chessdude"]
[Black "Winehouse83"]
[Result "1/2-1/2"]
[WhiteElo "2364"]
[BlackElo "2362"]
[TimeControl "180+2"]
[EndTime "13:20:11 PST"]
[Termination "Game drawn by repetition"]

1. Nf3 d5 2. g3 Nf6 3. Bg2 Bg4 4. O-O Nbd7 5. d3 e5 6. c4 dxc4 7. dxc4 c6 8. Nc3 Be7 9. Qc2 O-O 10. h3 Bh5 11. Nh4 Bg6 12. Nxg6 hxg6 13. Be3 Bc5 14.
Bxc5 Nxc5 15. b4 Ne6 16. e3 Rc8 17. Rfd1 Qe7 18. Rd2 Qxb4 19. Qb3 Qe7 20. Rad1 Nc5 21. Qa3 b6 22. Na4 e4 23. Nxc5 bxc5 24. Qa6 Rc7 25.
Rd6 Rfc8 26. R6d2 g5 27. Bf1 g6 28. Be2 Kg7 29. Bg4 Nxg4 30. hxg4 Qe6 31. Rd6 Qxg4 32.
Qa5 Qf5 33. Qc3+ f6 34. Qd2 Rf7 35. Rd7 Rf8 36. Qd6 Qf3 37. Qe6 Qf5 38. Qxc6 Rxd7 39. Qxd7+ Qxd7 40. Rxd7+ Rf7 41. Rd6 Rc7 42. g4 Kf7 43.
Ra6 Ke7 44. Kg2 Rd7 45. Rc6 Rd2 46. Rc7+ Kd6 47. Rxa7 Rc2 48. Ra6+ Ke7 49. Ra7+ Kd6 50. Ra6+ Ke7 51. Ra7+ Kd6 52. Ra6+ Ke7 1/2-1/2

[Event "*** Titled Tuesday 3|2 Blitz"]
[Site "Chess.com"]
[Date "2016.03.01"]
[Round "8"]
[White "arnacman"]
[Black "Tesla17"]
[Result "1-0"]
[WhiteElo "2340"]
[BlackElo "2288"]
[TimeControl "180+2"]
[EndTime "13:20:23 PST"]
[Termination "arnacman won by resignation"]

1. e4 c5 2. Nf3 Nc6 3. d4 cxd4 4. Nxd4 g6 5. Nc3 Bg7 6. Be3 Nf6 7. Bc4 Qa5 8. O-O O-O 9. Bb3 d6 10. f3 Bd7 11.
Qd2 Rfc8 12. Rad1 Ne5 13. Nd5 Qxd2 14. Rxd2 Nxd5 15. Bxd5 Rab8 16. Rfd1 Nc4 17. Bxc4 Rxc4 18. Kf2 Rbc8 19. c3 Ra4 20. a3 Ra5 21. Rd3 Kf8 22.
Ke1 Ke8 23. h3 Ra4 24. Ne2 Bb5 25. R3d2 Bc4 26. Nd4 Ba6 27. Nc2 b6 28. Nb4 Bb7 29. Bd4 Bh6 30. Rd3 Ra5 31. Be3 Bg7 32. Nd5 f5 33. exf5 gxf5 34. Nf4 Kf7 35. Kf2 Rb5 36. R3d2 Be5 37. Nh5 Rg8 38. g4 Ra5 39. Re1 Ra4 40. Bd4 Bxd4+ 41. cxd4 Rc4 42. Rde2 Re8 43. gxf5 Rxd4 44. f6 e5 45. Rg1 Ke6 46. Ng7+ Kf7 47. Nxe8 Kxe8 48. Rg7 Ba6 49. Rc2 Kf8 50. Rcc7 1-0

[Event "*** Titled Tuesday 3|2 Blitz"]
[Site "Chess.com"]
[Date "2016.03.01"]
[Round "8"]
[White "Saitama_Hero"]
[Black "KNVB"]
[Result "1-0"]
[WhiteElo "2114"]
[BlackElo "2351"]
[TimeControl "180+2"]
[EndTime "13:20:26 PST"]
[Termination "Saitama_Hero won by resignation"]

1. d4 Nf6 2. c4 c5 3. d5 b5 4. cxb5 a6 5. b6 g6 6. Nc3 Bg7 7. e4 d6 8. Nf3 O-O 9. Be2 a5 10. Nd2 Ba6 11. O-O Bxe2 12. Qxe2 Nbd7 13. b7 Ra7 14.
Nc4 Qb8 15. a4 Qxb7 16. Nb5 Raa8 17. Bd2 Nb8 18. Nxa5 Qd7 19. Nc4 Qb7 20. Bc3 Nfd7 21. Bxg7 Kxg7 22. Rfd1 Rxa4 23. Rxa4 Qxb5 24. Qc2 Na6 25.
Qc3+ f6 26. Ra5 Qb7 27. Rda1 Nb4 28. Ra7 Qc8 29. Qh3 f5 30. Qh4 Rf7 31. exf5 Nxd5 32.
fxg6 hxg6 33. Ra8 Nb8 34. R1a3 Nc7 35. Rh3 Nxa8 36. Qh6+ Kf6 37. Rf3+ Ke6 38. Qxg6+ Kd5 39. Qxf7+ Kc6 40. Qxe7 d5 41. Ne5+ Kb5 42. Nf7 Nc6 43. Nd6+ Kb4 44. Qh4+ 1-0

[Event "*** Titled Tuesday 3|2 Blitz"]
[Site "Chess.com"]
[Date "2016.03.01"]
[Round "8"]
[White "Dlugy"]
[Black "Spas_Kozhuharov"]
[Result "1-0"]
[WhiteElo "2598"]
[BlackElo "2442"]
[TimeControl "180+2"]
[EndTime "13:20:56 PST"]
[Termination "Dlugy won by resignation"]

1. d4 Nf6 2. Bf4 d5 3. e3 c5 4. dxc5 e6 5. b4 a5 6. c3 b6 7.
Bxb8 Rxb8 8. Qa4+ Ke7 9. c6 Ne4 10. b5 f5 11. Nf3 Kf6 12. Qd4+ Kf7 13. Be2 Bc5 14. Qd1 Qf6 15. Nd4 f4 16. O-O Rf8 17.
Bf3 e5 18. Nb3 Be6 19. Bxe4 dxe4 20. Nxc5 bxc5 21. Nd2 Rbd8 22. Qh5+ Ke7 23. Nxe4 Qf5 24. Qxf5 Bxf5 25. Nxc5 Rd5 26. Nb3 Rxb5 27. c4 Rb4 28. Nxa5 Ra8 29. Nb7 Rxc4 30. exf4 exf4 31. Rfe1+ Kf6 32.
Rac1 Rxc1 33. Rxc1 Rxa2 34. Nd6 Ra8 35. c7 Bc8 36.
Re1 Bd7 37. g3 f3 38. h4 h5 39. Re3 Bg4 40. Re1 g6 41. Rc1 Bc8 42. Nxc8 Rxc8 43.
Kf1 Ke5 44. Ke1 Kd6 45. Kd2 Rxc7 46. Rxc7 Kxc7 47. Ke3 Kd6 48. Kxf3 Kd5 49. Kf4 Ke6 50. Kg5 Kf7 51. Kh6 Kf6 52. Kh7 Kf7 53. Kh8 Kf8 54. Kh7 Kf7 55. Kh6 Kf6 56. f3 Kf7 57. Kg5 Kg7 58. f4 Kf7 59. f5 gxf5 60. Kxf5 1-0

[Event "*** Titled Tuesday 3|2 Blitz"]
[Site "Chess.com"]
[Date "2016.03.01"]
[Round "8"]
[White "Lupul_Cenusiu"]
[Black "Bentery"]
[Result "0-1"]
[WhiteElo "2451"]
[BlackElo "2321"]
[TimeControl "180+2"]
[EndTime "13:21:12 PST"]
[Termination "Bentery won by checkmate"]

1. d4 d5 2. Nf3 Nf6 3. c4 dxc4 4. Qa4+ Nc6 5. Qxc4 Bg4 6. e3 Bxf3 7. gxf3 e6 8.
Nc3 a6 9. a3 Bd6 10. f4 Ng4 11. h3 Qh4 12. Qe2 Nf6 13. Rg1 O-O 14. Bg2 Rad8 15.
Bd2 Na5 16. Kf1 c5 17. dxc5 Bxc5 18. Rd1 Nb3 19. Be1 b5 20. Qc2 Rxd1 21. Qxd1 Na5 22. b4 Bb6 23. bxa5 Bxa5 24. Ne2 Rd8 25. Qc1 Bxe1 26.
Qxe1 Qh5 27. Qc1 h6 28. Ke1 a5 29. Qc2 b4 30. a4 Nd5 31. Ng3 Qh4 32. Bxd5 Rxd5 33.
Ke2 Qxh3 34. Rd1 Qg4+ 35. Ke1 Qf3 36. Rxd5 Qxd5 37. f5 b3 38. Qc8+ Kh7 39. fxe6 fxe6 40. Qc3 Qb7 41. Qb2 Qb4+ 42. Kf1 Qxa4 43. Nh5 Qb5+ 44. Ke1 Qxh5 45. Qxb3 Qd5 46. Qc2+ Qf5 47. Qb3 h5 48. Qa4 Kh6 49. Kf1 Qh3+ 50. Ke1 Qh1+ 51. Ke2 Qd5 52. Qe8 Qc4+ 53. Ke1 a4 54. Qh8+ Kg6 55. Qe8+ Kf6 56. Qf8+ Ke5 57. Qxg7+ Kd6 58.
Qf8+ Kc6 59. Qc8+ Kb5 60. Qb7+ Kc5 61. Qe7+ Kd5 62. Qd7+ Ke5 63. Qg7+ Kd6 64. Qf8+ Kc6 65.
Qc8+ Kd5 66. Qd7+ Ke4 67. Qh7+ Kf3 68. Qxh5+ Qg4 69. Qf7+ Kg2 70. Qa7 Qb4+ 71. Kd1 Qb3+ 72.
Kc1 a3 73. Qg7+ Kxf2 74. Qf7+ Ke1 75. Qf6 Qd1# 0-1

[Event "*** Titled Tuesday 3|2 Blitz"]
[Site "Chess.com"]
[Date "2016.03.01"]
[Round "8"]
[White "Tirantes"]
[Black "davidarenas1224"]
[Result "0-1"]
[WhiteElo "2208"]
[BlackElo "2141"]
[TimeControl "180+2"]
[EndTime "13:21:31 PST"]
[Termination "davidarenas1224 won on time"]

1. c4 g6 2. g3 Bg7 3. Bg2 Nf6 4.
Nc3 O-O 5. d4 d6 6. Nf3 c6 7.
O-O Qa5 8. e4 e5 9. h3 Nbd7 10.
Re1 exd4 11. Nxd4 Ne5 12. Bf1 Re8 13. Kg2 a6 14. Bd2 Qb6 15. Be3 c5 16. Nc2 Be6 17.
b3 Nc6 18. Rc1 Ng4 19. Bd2 Nf6 20. Kh2 Rad8 21. Bg2 Qc7 22. Nd5 Bxd5 23. cxd5 Ne5 24. Be3 Ned7 25. Bf4 b5 26. Qd2 Ne5 27. Ne3 Qb6 28. Re2 a5 29. Nd1 Ra8 30. Be3 Qb8 31.
f4 Ned7 32. Nf2 b4 33. Rce1 a4 34. Qc2 axb3 35. axb3 Ra3 36. Bc1 Ra5 37. Nd3 Nb6 38. Nb2 Nfd7 39. Nc4 Nxc4 40. Qxc4 Qa7 41. e5 dxe5 42.
d6 Ra2 43. Bc6 Rxe2+ 44. Rxe2 Rc8 45. Bd5 Nb6 46. Qd3 exf4 47. Bxf4 Nxd5 48. Qxd5 Bf8 49.
Rd2 Qd7 50. Be5 Bg7 51. Bxg7 Kxg7 52. Re2 Rd8 53. Re7 Qf5 0-1

[Event "*** Titled Tuesday 3|2 Blitz"]
[Site "Chess.com"]
[Date "2016.03.01"]
[Round "8"]
[White "jk13"]
[Black "kleinebeer98"]
[Result "1/2-1/2"]
[WhiteElo "2433"]
[BlackElo "2502"]
[TimeControl "180+2"]
[EndTime "13:22:02 PST"]
[Termination "Game drawn by agreement"]

1. e4 c5 2. c3 d5 3. exd5 Qxd5 4. d4 g6 5. Nf3 Bg7 6. Na3 cxd4 7. Nb5 Na6 8.
Nbxd4 e5 9. Bb5+ Bd7 10. Bxd7+ Qxd7 11. Qe2 Qe7 12. Nb3 e4 13. Nfd4 Nf6 14. O-O O-O 15.
Bg5 h6 16. Bh4 Rfe8 17. Rfe1 Nc7 18. a4 Ncd5 19. Bg3 Nh5 20. Qg4 e3 21. fxe3 Nxe3 22. Qf3 Nxg3 23. Qxg3 Qe5 24. Qf3 Qe4 25. Qxe4 Rxe4 26.
Nc5 Rxd4 27. Rxe3 Rd2 28. Rb1 Rad8 29. Nb3 Rd1+ 30. Rxd1 Rxd1+ 31. Kf2 Rb1 32. Re2 Bxc3 33. bxc3 Rxb3 34. Re7 a6 35. Rc7 b5 36. axb5 axb5 37. h4 h5 38. c4 Rc3 39. c5 b4 40. Rb7 b3 41. c6 Rc2+ 42. Kf3 b2 43. c7 Rc3+ 44.
Kf2 Rc2+ 45. Kf3 Rc3+ 46. Kf2 Rxc7 47. Rxb2 Rc4 48. g3 Kf8 49. Rb7 Re4 50. Rc7 Re7 51.
Rc6 Ke8 52. Kf3 Kd7 53. Ra6 Re1 54. Ra7+ Ke6 55. Ra6+ Kf5 56. Ra5+ Re5 57. Ra3 Rb5 58. Rd3 f6 59. Rc3 Ke5 60. Re3+ Kd5 61. Re8 Rb3+ 62.
Kf2 Kd4 63. Re6 g5 64. Rxf6 gxh4 65. Rf4+ Ke5 66. Rxh4 Kf6 67. Rxh5 Kg6 68. Rd5 Rb6 69. Kf3 Kf6 70. Kg4 Kg6 71. Kh4 Kh6 72. g4 Kg6 73.
Rg5+ Kf6 74. Rh5 Kg6 75. Rh8 Kg7 76. Rd8 Rh6+ 77. Kg5 Rg6+ 78. Kf5 Rf6+ 79. Ke5 Ra6 80. Kf4 Ra4+ 81. Kg5 Ra5+ 82. Kh4 Ra6 83. g5 Kg6 84. Rg8+ Kh7 85. Rb8 Kg6 86. Rb4 Rc6 87. Rd4 Ra6 88. Re4 Rb6 1/2-1/2

[Event "*** Titled Tuesday 3|2 Blitz"]
[Site "Chess.com"]
[Date "2016.03.01"]
[Round "8"]
[White "oskariot"]
[Black "Rickstereo"]
[Result "0-1"]
[WhiteElo "2303"]
[BlackElo "2186"]
[TimeControl "180+2"]
[EndTime "13:22:24 PST"]
[Termination "Rickstereo won by resignation"]

1. g3 Nf6 2. Bg2 g6 3. b3 Bg7 4. Bb2 O-O 5. f4 d5 6. Nf3 a5 7. a3 Nc6 8. O-O Bf5 9. h3 Be4 10. g4 Bxf3 11. Bxf3 Qd7 12. e3 Rae8 13. d4 Ne4 14. Bxe4 dxe4 15. Nd2 f5 16. g5 Rd8 17.
Qe2 e5 18. c3 exf4 19. Rxf4 Ne5 20. Raf1 Nd3 21. Ba1 Qe7 22. h4 h6 23. gxh6 Bxh6 24.
Qg2 Bxf4 25. exf4 Qxh4 26. Qxg6+ Kh8 27. d5 Qg4+ 28. Qxg4 fxg4 29. c4+ Kh7 30. Nxe4 Rxf4 31. Nf6+ Kg6 32. Rd1 Nf2 33. Rd2 Nh3+ 34. Kg2 Rxf6 35. Bxf6 Kxf6 36. c5 Ke5 37. Kg3 Rxd5 38. Re2+ Kd4 39. Kxg4 Kxc5 40. Rc2+ Kb6 41. Kxh3 Rd3+ 42. Kg4 Rxb3 43. Kf4 Rxa3 44. Ke4 Rb3 45. Kd4 a4 46.
Kc4 Rb5 47. Ra2 Rc5+ 48. Kb4 Rb5+ 49. Kc4 Ra5 50. Ra3 c6 51. Kb4 Ka6 52. Kc4 b5+ 53. Kc5 Kb7 54. Rh3 a3 55. Rh7+ Ka6 56. Rh8 Ra4 57. Kxc6 Rc4+ 58. Kd5 Rc7 59. Rh2 b4 60. Rh6+ Kb5 61. Rh8 Rd7+ 62. Ke4 b3 63. Rb8+ Kc4 64.
Rc8+ Kb4 65. Rb8+ Kc3 66. Rc8+ Kd2 67. Rf8 a2 68. Rf7 Rxf7 0-1

[Event "*** Titled Tuesday 3|2 Blitz"]
[Site "Chess.com"]
[Date "2016.03.01"]
[Round "8"]
[White "spectralsoul"]
[Black "GianmarcoVaR"]
[Result "0-1"]
[WhiteElo "2554"]
[BlackElo "2354"]
[TimeControl "180+2"]
[EndTime "13:22:41 PST"]
[Termination "GianmarcoVaR won by resignation"]

1. e4 c5 2. Nf3 d6 3. d4 Nf6 4.
Nc3 cxd4 5. Nxd4 a6 6. h3 e5 7. Nde2 h5 8. g3 Be7 9. Bg2 Be6 10. Be3 Nbd7 11. O-O b5 12. b3 Rc8 13. f4 Nc5 14.
a3 h4 15. f5 Bd7 16. g4 Bc6 17. Bxc5 dxc5 18. Nd5 Bxd5 19. exd5 e4 20. c4 O-O 21.
Nf4 Nh7 22. Bxe4 Re8 23. Ra2 Bd6 24. Bg2 Qf6 25. Nh5 Qe5 26. Bh1 Ng5 27. Qd3 a5 28. Nf4 bxc4 29. bxc4 Qe3+ 30. Qxe3 Rxe3 31. Bg2 Rb8 32.
Ne2 Nxh3+ 33. Bxh3 Rxh3 34. Kg2 Rh2+ 35. Kg1 Re8 36.
Nc1 Rxa2 37. Nxa2 Re4 38. Nc3 Rxc4 39. Nb5 Rxg4+ 40. Kh1 Be5 41. d6 Kf8 42. Rd1 Ke8 43. d7+ Kd8 44. Na7 Bd4 45. Nc6+ Kxd7 46. Nxa5 Kd6 47.
a4 Ke5 48. Nc4+ Kxf5 49. a5 Bf2 50. Nd6+ Ke6 51. Ne8 c4 52. Nc7+ Kf5 53. a6 c3 54.
Rc1 Ra4 55. Rxc3 Ra1+ 56. Kg2 Bg3 57. Rc5+ Kg4 58. Rc4+ Kh5 59. Ne8 Ra2+ 60. Kf3 g5 61.
Rc6 Ra3+ 62. Kg2 Ra2+ 63. Kf3 g4+ 64. Ke4 Ra4+ 65. Kd3 h3 66. Ng7+ Kg5 67. Rc5+ Kg6 68. Nf5 Bf4 69. Nh4+ Kg7 70. Nf5+ Kf6 71. Nd4 h2 72.
Rf5+ Kg6 73. Rxf4 h1=Q 74. Rxg4+ Kh7 0-1

[Event "*** Titled Tuesday 3|2 Blitz"]
[Site "Chess.com"]
[Date "2016.03.01"]
[Round "8"]
[White "Mischuk_D"]
[Black "Boryboy"]
[Result "1/2-1/2"]
[WhiteElo "2530"]
[BlackElo "2485"]
[TimeControl "180+2"]
[EndTime "13:22:58 PST"]
[Termination "Game drawn by repetition"]

1. e4 e6 2. d4 d5 3. Bd3 dxe4 4. Bxe4 Nf6 5. Bf3 c5 6. Be3 Nc6 7. Ne2 Nd5 8. O-O Nxe3 9. fxe3 Be7 10. Nbc3 O-O 11.
Ne4 Qb6 12. b3 cxd4 13. exd4 e5 14. c3 exd4 15. cxd4 Be6 16. Kh1 Rad8 17. Nf4 Nxd4 18. Nxe6 Qxe6 19. Ng3 Nxf3 20. Qxf3 Qc6 21. Qg4 g6 22.
Rac1 Qd7 23. Qf3 Ba3 24. Rcd1 Qc7 25. Rxd8 Rxd8 26. Ne4 Bb2 27. Ng5 Bg7 28. h3 h6 29.
Ne4 Qc6 30. Qxf7+ Kh8 31. Ng3 Rf8 32. Qe7 Re8 33. Qh4 Qc2 34. Qg4 Rf8 35. Re1 Qxa2 36. Qxg6 Qxb3 37. Nf5 Qf7 38. Ne7 a5 39. Qb1 Re8 40.
Ng6+ Kg8 41. Rf1 Qd5 42. Nf4 Qf7 43. Qb5 Re5 44. Qd3 Rf5 45. g3 Be5 46. Qd8+ Kh7 47. Qd2 Bxf4 48. gxf4 Qd5+ 49. Qxd5 Rxd5 50. Re1 b5 51.
Re7+ Kg8 52. Ra7 a4 53. Kg2 Rd3 54. f5 a3 55. f6 b4 56. h4 h5 57. Kf2 Kf8 58.
Ke2 Rh3 59. Kf2 Rxh4 60. Ke3 Rg4 61. Kf3 Rc4 62. Kg3 b3 63. Rxa3 b2 64. Ra8+ Kf7 65.
Rb8 Rc2 66. Rb6 Kg6 67. Kh4 Rh2+ 68. Kg3 Rc2 69. Kh4 Rd2 70. f7+ Kxf7 71. Kxh5 Ke7 72. Kg4 Kd7 73. Kf3 Kc7 74. Rb4 Kc6 75. Ke3 Rh2 76.
Kd3 Kc5 77. Rb8 Rg2 78. Kc3 Rh2 79. Rxb2 Rh3+ 80. Kc2 Kc4 81. Rb8 Rh2+ 82. Kc1 Rh1+ 83. Kd2 Rh2+ 84. Ke3 Rh3+ 85. Ke4 Rh4+ 86. Ke3 Rh3+ 87.
Ke4 Rh4+ 88. Ke5 Rh5+ 89. Ke4 Rh4+ 90. Ke5 Rh5+ 91. Ke4 Rh4+ 92. Ke5 Rh5+ 93. Ke4 Rh4+ 1/2-1/2

[Event "*** Titled Tuesday 3|2 Blitz"]
[Site "Chess.com"]
[Date "2016.03.01"]
[Round "8"]
[White "Yaacovn"]
[Black "maciek_92"]
[Result "0-1"]
[WhiteElo "2619"]
[BlackElo "2440"]
[TimeControl "180+2"]
[EndTime "13:26:36 PST"]
[Termination "maciek_92 won by resignation"]

1. d4 Nf6 2. Nf3 e6 3. c4 b6 4. g3 Ba6 5. Qc2 Bb7 6. Bg2 c5 7. dxc5 Bxc5 8. O-O Be4 9. Qd1 O-O 10. Nc3 Bb7 11.
b3 d5 12. Ne5 Nbd7 13. Bf4 Nxe5 14. Bxe5 Nd7 15. Bf4 Qf6 16. Rc1 Rac8 17. cxd5 Ba3 18. Ne4 Qg6 19. Rxc8 Bxc8 20. Nd6 Ba6 21. dxe6 Qxe6 22.
Bd5 Qe7 23. Bc4 Bxc4 24. Nxc4 Bc5 25. e4 Nf6 26. e5 Ne4 27. Qf3 Ng5 28. Qg4 Ne6 29.
Be3 Rd8 30. h4 Bxe3 31. fxe3 Qc5 32. Qf3 Rd7 33. Qa8+ Rd8 34. Qe4 Rf8 35. Nd6 Qa5 36. a4 Qd2 37. Nc4 Qc3 38. h5 Qxb3 39. h6 Qxa4 40. hxg7 Nxg7 41. Qd5 Qe8 42. Nd6 Qe6 43.
Qd4 Qg6 44. Ne4 Ne6 45. Qd5 Kg7 46. Kg2 Rc8 47. Rf2 Rd8 48. Nd6 Rf8 49. e4 Qh5 50.
Nf5+ Kh8 51. Nd6 Ng5 52. e6 Qh3+ 53. Kg1 Qxg3+ 54. Kf1 Qh3+ 55. Ke2 Qg4+ 56. Kd2 Nxe6 57. Qe5+ Kg8 58. Nf5 Qg5+ 59. Ke2 Rd8 60. Qc3 Qg4+ 61.
Rf3 Qg2+ 62. Ke3 Qg5+ 63. Ke2 Qg2+ 64. Ke3 Qg1+ 65. Rf2 Qg5+ 66. Kf3 Nf4 67. Rd2 Rxd2 68. Qxd2 Ne6 69. Qd6 h5 70. Qe5 Qf4+ 71. Qxf4 Nxf4 72. Kxf4 a5 73. Nd4 a4 74. Nb5 Kf8 75. Kg5 Ke7 76. Kxh5 Kd7 77. Kg5 Kc6 78. Nc3 b5 79. Kf6 Kc5 80.
e5 a3 81. Kxf7 b4 82. Ne4+ Kd5 83. e6 a2 84. Nf6+ Kc4 85. e7 a1=Q 86. e8=Q Qa7+ 87.
Kg6 Qg1+ 88. Kf7 Qa7+ 89. Kg6 Qg1+ 90. Kf5 Qf2+ 91. Kg5 Qg3+ 92. Ng4 b3 93. Qa4+ Kc3 94. Qa5+ Kc2 95. Qf5+ Kb2 96. Kf6 Qc3+ 97. Ne5 Ka2 98. Qe6 Kb1 99. Qf5+ Qc2 100. Qf1+ Ka2 101. Qa6+ Kb1 102. Nc4 Qc3+ 103. Ke6 Qh3+ 104. Ke5 Qc3+ 105. Kd5 b2 106. Qa4 Qd3+ 107. Kc5 Qc2 108. Qa3 Qf5+ 109. Kd4 Qf6+ 110. Ke4 Qg6+ 111. Kd4 Qf6+ 112. Kd3 Qf5+ 113. Ke2 Qg4+ 114. Kd2 Qxc4 115. Qa7 Qc2+ 116. Ke1 Qc3+ 117. Kd1 Qd3+ 118. Ke1 Kc2 119. Qa4+ Kc1 120. Qf4+ Kb1 121. Qa4 Qc2 122. Qa5 Kc1 123. Qg5+ Kb1 124. Qa5 Qd3 125. Qa7 Qc4 126. Qh7+ Kc1 127. Qh6+ Kc2 128. Qh7+ Qd3 129. Qh2+ Kc3 130. Qe5+ Qd4 131. Qc7+ Kd3 132. Qh7+ Qe4+ 0-1

[Event "*** Titled Tuesday 3|2 Blitz"]
[Site "Chess.com"]
[Date "2016.03.01"]
[Round "9"]
[White "SabinoBrunello"]
[Black "Danirod"]
[Result "0-1"]
[WhiteElo "2457"]
[BlackElo "2414"]
[TimeControl "180+2"]
[EndTime "13:31:23 PST"]
[Termination "Danirod won by resignation"]

1. d4 Nf6 2. Nf3 e6 3. Bf4 c5 4. c3 Qb6 5. Qb3 Nc6 6. e3 d5 7. Nbd2 Bd7 8. Qxb6 axb6 9. Bc7 cxd4 10. exd4 Be7 11.
Bxb6 Bd6 12. Bd3 Ke7 13. O-O Rhc8 14. Rfe1 h6 15. Nb3 Bc7 16. Bxc7 Rxc7 17. a3 b6 18. Ne5 Nxe5 19. Rxe5 Ba4 20. Nd2 Nd7 21. Rae1 Nxe5 22. Rxe5 Kd6 23. f4 Re7 24. Re1 f6 25. Nf3 g5 26. g3 Rg8 27. Kf2 Bd7 28. Ng1 gxf4 29. gxf4 Reg7 30. Ne2 Rg2+ 31. Ke3 Rxh2 32. b3 Rh3+ 33.
Kd2 Rg2 34. c4 Bc6 35. Rc1 h5 36. c5+ bxc5 37. dxc5+ Kc7 38. a4 e5 39. fxe5 fxe5 40.
b4 Bxa4 41. b5 Rxd3+ 42. Kxd3 Bxb5+ 0-1